 Dungeon Crawl Stone Soup version 0.25.1-2-g60ff931df9 (webtiles) character file.

Game seed: 17855834608299613109

1334 DogServant the Ruffian (level 8, -1/67 HPs)
             Began as a Naga Transmuter on Nov 16, 2020.
             Was a Believer of Okawaru.
             Killed from afar by an electric eel (11 damage)
             ... with a bolt of electricity
             ... on level 7 of the Dungeon.
             The game lasted 00:09:38 (6510 turns).

DogServant the Ruffian (Naga Transmuter)            Turns: 6510, Time: 00:09:39

Health: -1/67      AC:  4    Str: 15    XL:     8   Next: 61%
Magic:  11/11      EV: 13    Int: 14    God:    Okawaru [**....]
Gold:   363        SH:  0    Dex: 11    Spells: 0/11 levels left

rFire    . . .     SeeInvis +     - Unarmed
rCold    + . .     Gourm    .   (no shield)
rNeg     . . .     Faith    .   b - +0 robe
rPois    +         Spirit   .   (no helmet)
rElec    .         Reflect  .   (no cloak)
rCorr    .         Harm     .   x - +0 pair of gloves
MR       +....                  (no barding)
Stlth    +.........             q - amulet of regeneration
HPRegen  0.61/turn              e - +4 ring of evasion
MPRegen  0.12/turn              f - ring of protection from cold

@: drained, very slow
A: large, see invisible, deformed body, poison resistance, slowness 2, slow
metabolism 1, spit poison 1, AC +2
a: Spit Poison, Heroism, Renounce Religion


You were on level 7 of the Dungeon.
You worshipped Okawaru.
Okawaru was pleased with you.
You were very hungry.

You visited 1 branch of the dungeon, and saw 7 of its levels.
You also visited: Sewer.

You collected 363 gold pieces.

Inventory:

Missiles
 a - 33 arrows
 k - 13 poisoned darts (quivered)
Armour
 b - a +0 robe (worn)
 c - the cursed +1 chain mail "Janicvyrgh" {Slay+2, unknown}
   (You found it on level 5 of the Dungeon)

   It affects your accuracy and damage with ranged weapons and melee attacks
   (+2).
   It has a curse placed upon it.
 x - a +0 pair of gloves (worn)
Jewellery
 e - a +4 ring of evasion (left hand)
 f - a ring of protection from cold (right hand)
 q - an amulet of regeneration (around neck)
Scrolls
 h - 2 scrolls of fog {unknown}
 j - 3 scrolls of enchant weapon {unknown}
 n - a scroll of enchant armour {unknown}
 o - 2 scrolls of remove curse {unknown}
 s - 5 scrolls of identify
 t - 2 scrolls of amnesia {unknown}
Potions
 g - 2 potions of flight
 i - a potion of cancellation {unknown}
 m - a potion of haste
 p - a potion of berserk rage {unknown}
 r - 2 potions of mutation {unknown}
 u - a potion of brilliance {unknown}
 w - a potion of magic {unknown}
Miscellaneous
 y - a phial of floods
Comestibles
 d - 8 rations


   Skills:
 - Level 2.0(1.1) Fighting
 - Level 1.5(0.7) Dodging
 + Level 7.7(6.7) Unarmed Combat
 - Level 2.0(1.1) Spellcasting
 + Level 7.3(6.4) Transmutations


You couldn't memorise any spells.
You knew the following spells:

 Your Spells              Type           Power        Failure   Level  Hunger
a - Beastly Appendage     Tmut           ###...       1%          1    ##.....
b - Sticks to Snakes      Tmut           ###.....     2%          2    ###....
c - Spider Form           Tmut/Pois      #.........   21%         3    ####...
d - Blade Hands           Tmut           ###.......   45%         5    ######.

Your spell library contained the following spells:

 Spells                   Type           Power        Failure   Level  Hunger
 Ice Form                 Ice/Tmut       #.......     56%         4    #####..


Dungeon Overview and Level Annotations

Branches:
Dungeon (7/15)              Sewer (visited)
 Temple: D:4-7

Altars:
Ashenzari
Gozag
Okawaru
Uskayaw
The Shining One

Annotations:
D:6 Pikel


Innate Abilities, Weirdness & Mutations

You cannot wear boots.
Your serpentine skin is tough. (AC +2)
You have supernaturally acute eyesight. (SInv)
Armour fits poorly on your strangely shaped body.
Your system is resistant to poisons. (rPois)
You cover ground very slowly.
You have a slow metabolism.
You can spit poison.


Message History

Your transformation is almost over.
Found a stone staircase leading up.
You punch the plant! You punch the plant, but do no damage.
The plant is lightly damaged.
Your horns disappear.
You hear the hiss of a distant avalanche of sand.
The electric eel shoots out a bolt of lightning at you!
The bolt of electricity hits the plant!
The bolt of electricity misses you.
The electric eel shoots out a bolt of lightning at you!
The bolt of electricity hits the plant.
The bolt of electricity hits you!
The electric eel shoots out a bolt of lightning at you!
The bolt of electricity hits the plant!
The bolt of electricity hits you!
* * * LOW HITPOINT WARNING * * *
An electric eel comes into view.
The electric eel shoots out a bolt of lightning at you!
The bolt of electricity hits you!
* * * LOW HITPOINT WARNING * * *
The electric eel shoots out a bolt of lightning at you!
The bolt of electricity hits you!
You die...

≈≈≈≈≈≈≈≈≈≈≈♣P#.#
≈≈≈≈≈≈≈≈≈≈≈P≈≈≈≈≈♣P.##
≈≈≈≈≈≈≈≈≈≈≈≈≈≈≈≈≈P≈♣≈P♣≈..
P♣P≈P≈≈≈≈;≈≈≈≈≈≈≈≈≈P≈≈≈≈P≈≈# ≈
≈≈≈P≈P≈≈≈≈≈≈≈≈≈≈≈≈≈≈♣≈≈≈P♣ .P
≈≈≈≈≈P≈≈≈≈≈≈≈≈≈≈≈≈PP≈≈P♣♣###
..♣♣≈PP≈≈≈≈≈≈≈≈≈≈P≈≈≈♣≈≈P≈≈....
...≈≈≈P≈≈≈≈P≈≈≈;P♣≈≈♣≈≈≈♣P.####
....#P♣≈PP♣≈≈P♣P@≈≈≈≈♣≈†♣♣....
#...<.P♣♣≈♣ ♣≈≈P♣≈≈≈≈♣#.# .#<#
#........# ♣≈≈♣♣♣#.#.#.# # #
#......### #### ...#.#?#
#........# ##### #.# #..#...#.#
#.# #..#...#.# #.# ...#...#.#
#.# ##.#...#.# ########.#


You could see 2 electric eels.

Vanquished Creatures
  A black bear (D:7)
  A phantom (D:4)
  2 bullfrogs (Sewer)
  A scorpion (D:5)
  6 killer bees (D:5)
  2 wights (D:6)
  An electric eel (D:7)
  2 crimson imps (D:5)
  2 hounds (D:5)
  2 orc wizards (D:4)
  Jessica (D:2)
  Natasha (thrice) (D:4)
  2 worker ants
  A hound skeleton (D:5)
  4 gnolls (D:3)
  11 adders
  A river rat (D:5)
  An ooze (D:4)
  A worm (D:3)
  3 dart slugs
  2 leopard geckos
  6 orcs
  4 bats
  11 giant cockroaches
  4 hobgoblins
  19 jackals
  3 quokkas
  2 ball pythons
  10 frilled lizards
  7 goblins
  10 kobolds
  A leopard gecko skeleton (D:5)
  5 rats
132 creatures vanquished.

Notes
Turn   | Place    | Note
-------+----------+-------------------------------------------
     0 | D:1      | DogServant the Naga Transmuter began the quest for the Orb.
     0 | D:1      | Reached XP level 1. HP: 18/18 MP: 3/3
   322 | D:1      | Reached XP level 2. HP: 16/25 MP: 5/5
  1553 | D:2      | Found an iron altar of Okawaru.
  1560 | D:2      | Reached XP level 3. HP: 26/32 MP: 4/6
  1571 | D:2      | Became a worshipper of Warmaster Okawaru
  2189 | D:2      | Found a glowing golden altar of the Shining One.
  2204 | D:2      | Noticed Jessica
  2213 | D:2      | Killed Jessica
  2213 | D:2      | Reached XP level 4. HP: 36/39 MP: 5/7
  2793 | D:3      | Reached XP level 5. HP: 24/45 MP: 8/8
  2983 | D:3      | Found a shattered altar of Ashenzari.
  3408 | D:3      | Learned a level 2 spell: Sticks to Snakes
  3412 | D:3      | Learned a level 3 spell: Spider Form
  3852 | D:4      | Noticed a phantom
  3917 | D:4      | Killed a phantom
  3917 | D:4      | Reached skill level 5 in Unarmed Combat
  3917 | D:4      | Reached XP level 6. HP: 12/52 MP: 3/9
  4093 | D:4      | Found an opulent altar of Gozag.
  4348 | D:4      | Noticed Natasha
  4361 | D:4      | Killed Natasha
  4361 | D:4      | Reached skill level 5 in Transmutations
  4679 | D:4      | Noticed Natasha
  4693 | D:4      | Killed Natasha
  4759 | D:4      | Noticed Natasha
  4765 | D:4      | Killed Natasha
  4765 | D:4      | Reached XP level 7. HP: 59/60 MP: 8/10
  4857 | D:5      | Entered Level 5 of the Dungeon
  4857 | D:5      | Found a glowing drain.
  4893 | Sewer    | Entered a sewer
  5165 | Sewer    | Reached * piety under Okawaru
  5715 | D:5      | HP: 2/60 [killer bee (5)]
  5725 | D:5      | Reached XP level 8. HP: 13/67 MP: 7/11
  5737 | D:5      | HP: 3/67 [killer bee (8)]
  5955 | D:5      | Learned a level 5 spell: Blade Hands
  5963 | D:5      | Found a hide-covered altar of Uskayaw.
  6282 | D:5      | Got a buzzing chain mail
  6294 | D:6      | Noticed Pikel
  6451 | D:7      | Reached ** piety under Okawaru
  6510 | D:7      | Killed from afar by an electric eel

Illustrated notes

Levels and vault maps discovered:
D:1:      giann_wishing_wells, layout_loops_ring
D:2:      layout_loops_ring, tso_metal_star, first_ration, okawaru_gym_becter,
          uniq_jessica
D:3:      layout_basic, evilmike_ruin_ashenzari
D:4:      layout_loops_ring, grunt_gozag_statues, uniq_natasha
D:5:      layout_basic, lemuel_crystal_altar, portal_sewer_entry_a
D:6:      layout_rooms, zin_scriptorium, lemuel_round_altar,
          minmay_temple_entry_slanted, minmay_misc_feat_roman, uniq_edmund,
          uniq_pikel
D:7:      wander_guarded_unrand_ratskin, layout_basic, old_standard_altar,
          nicolae_ossuary_entry_plus, serial_bayou, serial_bayou_crossing,
          serial_bayou_pond_d, serial_bayou_lake_a, serial_bayou_pond_c,
          uniq_joseph

Skill      XL: |  1  2  3  4  5  6  7  8 |
---------------+-------------------------+-----
Fighting       | 2 |  2.0
Transmutations | 3 4 5 6 7 |  7.3
Unarmed Combat | 4 5 6 7 |  7.7
Dodging        | |  1.5
Spellcasting   | |  2.0

Action                   |  1- 3 |  4- 6 |  7- 9 || total
-------------------------+-------+-------+-------++-------
Melee: Unarmed           |    92 |   225 |   240 ||   557
       Headbutt          |     4 |    25 |    17 ||    46
       Punch             |       |     2 |     7 ||     9
Throw: Dart              |       |     1 |       ||     1
 Cast: Beastly Appendage |    15 |    31 |    19 ||    65
       Sticks to Snakes  |       |     4 |       ||     4
       Spider Form       |       |       |     1 ||     1
Invok: Heroism           |       |       |     2 ||     2
 Abil: Spit Poison       |    21 |    35 |    18 ||    74
  Use: Scroll            |       |     6 |       ||     6
       Potion            |       |       |     4 ||     4
 Stab: Sleeping          |       |     1 |       ||     1
  Eat: Chunk             |     4 |    10 |     6 ||    20
Armor: Robe              |    29 |    22 |    59 ||   110
       Skin              |       |       |     2 ||     2
Dodge: Dodged            |    62 |   177 |   231 ||   470
